 Dungeon Crawl Stone Soup version 0.28-a0-863-g8cecda6153 (webtiles) character file.

Game seed: 6082892148846162775

38 Sabo the Shield-Bearer (level 3, 0/30 HPs)
             Began as a Formicid Fighter on Nov 17, 2021.
             Slain by an adder (3 damage)
             ... on level 2 of the Dungeon.
             The game lasted 00:05:12 (1477 turns).

Sabo the Shield-Bearer (Formicid Fighter)           Turns: 1477, Time: 00:05:13

Health: 0/30       AC:  6    Str: 21    XL:     3   Next: 65%
Magic:  3/3        EV:  9    Int:  7    God:
Gold:   67         SH:  0    Dex: 10    Spells: 2/2 levels left

rFire   . . .      SeeInvis +   a - +0 war axe
rCold   . . .      Faith    .   c - +0 buckler
rNeg    . . .      Spirit   .   b - +0 scale mail
rPois   .          Reflect  .   (helmet unavailable)
rElec   .          Harm     .   (no cloak)
rCorr   .          Rampage  .   (no gloves)
Will    .....                   (no boots)
Stlth   ..........              (no amulet)
HPRegen 0.10/turn               (no ring)
MPRegen 0.08/turn               (no ring)

@: confused
A: permanent stasis, dig shafts and tunnels, antennae 3, four strong arms
a: Dig, Shaft Self


You were on level 2 of the Dungeon.
You visited 1 branch of the dungeon, and saw 2 of its levels.

You collected 67 gold pieces.

Inventory:

Hand Weapons
 a - a +0 war axe (weapon)
Missiles
 g - 10 bolts
 j - 17 arrows
Armour
 b - a +0 scale mail (worn)
 c - a +0 buckler (worn)
Jewellery
 i - a ring of fire
Scrolls
 e - a scroll of identify {unknown}
 k - a scroll of noise {unknown}
Potions
 d - a potion of might
 f - 2 potions of lignification {unknown}
 l - a potion of degeneration {unknown}


   Skills:
 + Level 3.8 Fighting
 + Level 2.5 Axes
 + Level 3.6 Armour
 + Level 4.0 Shields


You had 2 spell levels left.
You didn't know any spells.
Your spell library contained the following spells:

 Spells                   Type           Power      Damage    Failure   Level
 Animate Skeleton         Necr           0%         N/A       77%         1
 Apportation              Tloc           0%         N/A       77%         1
 Summon Small Mammal      Summ           0%         N/A       77%         1


Dungeon Overview and Level Annotations

Branches:
Dungeon (2/15)

Altars:


Innate Abilities, Weirdness & Mutations

You cannot be hasted, slowed, berserked, paralysed or teleported.
You can dig through walls and to a lower floor.
You have a pair of large antennae on your head. (SInv)
Your four strong arms can wield two-handed weapons with a shield.


Message History

The magic dart hits you! You block the orc's attack.
You barely miss the orc wizard. You slash the orc!
You kill the orc!
The orc wizard hits you with a +0 dagger.
The orc wizard hits you but does no damage.
You slash the orc wizard!
The orc wizard is heavily wounded.
The orc wizard points at you and mumbles some strange words.
The magic dart hits you.
* * * LOW HITPOINT WARNING * * *
You closely miss the orc wizard.
The orc wizard is heavily wounded.
The orc wizard hits you with a +0 dagger.
* * * LOW HITPOINT WARNING * * *
The orc wizard casts a spell.
The orc wizard flickers and vanishes for a moment.
You closely miss the orc wizard.
The orc wizard is heavily wounded.
The orc wizard points at you and mumbles some strange words.
You are confused.
You're too confused to move!
The orc wizard hits you with a +0 dagger.
* * * LOW HITPOINT WARNING * * *
You miss the orc wizard.
The orc wizard is heavily wounded.
The orc wizard casts a spell at you.
You are more confused.
Things that are here:
a +0 club; a +0 chain mail You bump into the rock wall.
The orc wizard hits you but does no damage.
You bump into the rock wall.
The orc wizard hits you with a +0 dagger.
* * * LOW HITPOINT WARNING * * *
You bump into the rock wall.
The orc wizard points at you and mumbles some strange words.
The magic dart hits you but does no damage.
The orc hits you but does no damage. The adder bites you.
You die...

#####.#.. #...#.#..
#.#.#.#.. {
#.#.#.#.#
###.#.#.#.# {
#.....#.#.#
#####.#).S..#.####
.......)oo@.†.)..##
###.#.###.#..###..#
# ####.####.##
#####≈#.≈≈..#
#.##..#≈≈≈≈.#
#≈#≈≈≈≈≈≈≈≈.#
#≈.≈.≈≈≈≈...#
##≈≈.≈.♣.≈...#
{#..≈≈.≈#≈≈♣.##


You could see an orc wizard (invisible), an adder and an orc.

Vanquished Creatures
  A dart slug (D:1)
  3 orcs (D:2)
  5 ball pythons (D:1)
  3 bats
  3 endoplasms (D:1)
  A giant cockroach (D:1)
  4 hobgoblins
  2 kobolds
  2 quokkas (D:1)
  A frilled lizard (D:1)
  3 goblins (D:1)
  A rat (D:1)
29 creatures vanquished.

Notes
Turn   | Place    | Note
-------+----------+-------------------------------------------
     0 | D:1      | Sabo the Formicid Fighter began the quest for the Orb.
     0 | D:1      | Reached XP level 1. HP: 18/18 MP: 1/1
   276 | D:1      | Reached XP level 2. HP: 15/24 MP: 2/2
   889 | D:1      | Reached skill level 4 in Shields
   895 | D:1      | Reached XP level 3. HP: 30/30 MP: 3/3
  1477 | D:2      | Slain by an adder

Illustrated notes

Levels and vault maps discovered:
D:1:      dpeg_arrival_boxes_within_box, layout_basic
D:2:      mumra_celtic_spiral_tile, layout_basic, minivault_27,
          chequers_serial_rivers_marsh

Skill      XL: |  1  2 |
---------------+-------+-----
Shields        | 4 |  4.0
Fighting       | |  3.8
Axes           | |  2.5
Armour         | |  3.6

Action                   || total
-------------------------++-------
Melee: War axe           ||    83
 Abil: Dig               ||     2
  Use: Scroll            ||     1
Armor: Scale mail        ||    31
Dodge: Dodged            ||    33
Block: Buckler           ||    24

Table legend: (Time is in decaauts)
 A = Elapsed time spent in this place.
 B = Non-inter-level travel time spent in this place.
 C = Inter-level travel time spent in this place.
 D = Time resting spent in this place.
 E = Time spent auto-exploring this place.
 F = Levels seen in this place.
 G = Mean time per level.
                   A        B        C        D        E       F      G
               +--------+--------+--------+--------+--------+-----+--------+
         Total |   1517 |   1517 |      0 |    597 |      0 |   2 |  758.5 |
       Dungeon |   1517 |   1517 |      0 |    597 |      0 |   2 |  758.5 |
               +--------+--------+--------+--------+--------+-----+--------+

Top non-repeatable levels by time:
     D:1: 1385 daAuts
     D:2: 132 daAuts
